 Dungeon Crawl Stone Soup version 0.23.2-30-g0e89c35649 (webtiles) character file.

Game seed: 6485107756919264722

59 Hivemind the Magician (level 4, 6/30 HPs)
             Began as a Human Wizard on June 9, 2019.
             Was an Initiate of Qazlal.
             Quit the game on level 2 of the Dungeon.
             The game lasted 00:11:44 (2336 turns).

Hivemind the Magician (Human Wizard)                Turns: 2336, Time: 00:11:45

Health: 6/30       AC:  2    Str:  7    XL:     4   Next: 22%
Magic:  0/9        EV: 12    Int: 20    God:    Qazlal [......]
Gold:   43         SH:  0    Dex: 11    Spells: 7/10 levels left

rFire    . . .     SeeInvis .   j - +0 club
rCold    . . .     Gourm    .   (no shield)
rNeg     . . .     Faith    .   a - +0 robe
rPois    .         Spirit   .   b - +0 hat
rElec    .         Reflect  .   (no cloak)
rCorr    .         Harm     .   (no gloves)
MR       .....                  (no boots)
Stlth    ++........             (no amulet)
HPRegen  0.10/turn              (no ring)
MPRegen  0.11/turn              (no ring)

@: no status effects
A: no striking features
a: Renounce Religion


You were on level 2 of the Dungeon.
You worshipped Qazlal.
Qazlal was noncommittal.
You were very hungry.

You visited 1 branch of the dungeon, and saw 2 of its levels.

You collected 43 gold pieces.

Inventory:

Hand Weapons
 j - a +0 club (weapon)
Missiles
 g - 31 stones (quivered)
Armour
 a - a +0 robe (worn)
 b - a +0 hat (worn)
Scrolls
 c - a scroll of fog {unknown}
 e - 5 scrolls of identify {unknown}
 f - a scroll of enchant weapon {unknown}
 i - a scroll of noise {unknown}
 k - a scroll of random uselessness {unknown}
 n - a scroll of enchant armour {unknown}
Potions
 h - a potion of brilliance {unknown}
 l - a potion of mutation {unknown}
 m - a potion of might {unknown}
Comestibles
 d - 2 rations


   Skills:
 + Level 2.6 Dodging
 - Level 2.0 Stealth
 * Level 3.8 Spellcasting
 + Level 1.5 Conjurations
   Level 1.0 Summonings
 + Level 1.6 Translocations


You had 7 spell levels left.
You knew the following spells:

 Your Spells              Type           Power        Failure   Level  Hunger
a - Magic Dart            Conj           #...         7%          1    None
b - Blink                 Tloc           N/A          11%         2    ##.....

Your spell library contained the following spells:

 Spells                   Type           Power        Failure   Level  Hunger
 Call Imp                 Summ           #.......     13%         2    ##.....
 Slow                     Hex            #.......     21%         2    ##.....
 Conjure Flame            Conj/Fire      #.......     28%         3    ###....
 Mephitic Cloud           Conj/Pois/Air  #.......     32%         3    ###....


Dungeon Overview and Level Annotations

Branches:
Dungeon (2/15)

Altars:
Qazlal


Message History

* * * LOW HITPOINT WARNING * * *
Casting: Magic Dart (safe; 7% risk of failure)
Confirm with . or Enter, or press ? or * to list all spells.
Aiming: Magic Dart (safe; 7% risk of failure)
Press: ? - help, Shift-Dir - straight line, f/p - worm
Aim: a worm (severely wounded)
The magic dart hits the worm.
The worm is almost dead.
Your magical contamination has completely faded away.
Casting: Magic Dart (safe; 7% risk of failure)
Confirm with . or Enter, or press ? or * to list all spells.
Aiming: Magic Dart (safe; 7% risk of failure)
Press: ? - help, Shift-Dir - straight line, f/p - worm
Aim: a worm (severely wounded)
The magic dart hits the worm.
The worm is severely wounded.
Welcome back, Hivemind the Human Wizard.
Qazlal says: Let the forces of nature tear it all down!
Press ? for a list of commands and other information.
Are you sure you want to abandon this character and quit the game? (Confirm with "yes".)

#.#######
##..####.##
#..(....#
#.)# .#
..#####.#
#..# !# ###
#w.# .#
#..# .#
#..# (#
#..# .#
#..# #@.#
.........#
.
.######.##
# #.# ...
... ...
##.##


You could see a worm.

Vanquished Creatures
  An adder (D:1)
  A worm (D:2)
  A dart slug (D:1)
  2 leopard geckos
  A giant cockroach (D:1)
  10 goblins
  6 hobgoblins
  4 kobolds
  A quokka (D:2)
  4 bats
  5 frilled lizards
  3 rats
39 creatures vanquished.

Vanquished Creatures (others)
  5 toadstools (D:1)
5 creatures vanquished.

Grand Total: 44 creatures vanquished

Notes
Turn   | Place    | Note
-------+----------+-------------------------------------------
     0 | D:1      | Hivemind the Human Wizard began the quest for the Orb.
     0 | D:1      | Reached XP level 1. HP: 13/13 MP: 4/4
   140 | D:1      | Reached XP level 2. HP: 19/19 MP: 3/6
   239 | D:1      | Learned a level 2 spell: Blink
   763 | D:1      | Reached XP level 3. HP: 24/24 MP: 2/7
  1800 | D:2      | Reached XP level 4. HP: 30/30 MP: 7/9
  2001 | D:2      | Found a stormy altar of Qazlal.
  2091 | D:2      | Became a worshipper of Qazlal Stormbringer
  2336 | D:2      | Quit the game

Action                   |  1- 3 |  4- 6 || total
-------------------------+-------+-------++-------
Melee: Unarmed           |     6 |       ||     6
       Club              |       |    16 ||    16
Throw: Stone             |       |     1 ||     1
 Cast: Magic Dart        |    95 |    44 ||   139
  Eat: Chunk             |     3 |       ||     3
Armor: Robe              |     4 |     1 ||     5
Dodge: Dodged            |    13 |     5 ||    18
